 Dungeon Crawl Stone Soup version 0.24-a0-582-g4d4af813a0 (webtiles) character file.

Game seed: 11954294572268365655

8484 Ijustatesigmund the Blocker (level 11, -1/88 (89) HPs)
             Began as a Gnoll Fighter on Aug 27, 2019.
             Slain by Snorg (4 damage)
             ... on level 10 of the Dungeon.
             The game lasted 00:22:36 (10045 turns).

Ijustatesigmund the Blocker (Gnoll Fighter)        Turns: 10045, Time: 00:22:37

HP:   -1/88 (89)    AC: 12    Str: 17    XL:     11   Next: 31%
MP:   20/20         EV:  9    Int: 11    God:
Gold: 242           SH: 11    Dex: 17    Spells: 22/22 levels left

rFire    + + .     SeeInvis .   a - +9 flail "Tupniceba" {flame, rPois rF+ rN+ Str-2}
rCold    . . .     Gourm    .   c - +0 shield
rNeg     + . .     Faith    .   b - +0 chain mail
rPois    +         Spirit   .   (no helmet)
rElec    +         Reflect  .   l - +1 cloak
rCorr    .         Harm     .   s - +1 pair of gloves
MR       .....                  (no boots)
Stlth    ..........             (no amulet)
HPRegen  0.24/turn              p - ring of poison resistance
MPRegen  0.17/turn              w - ring of protection from fire

@: hasted, very quick
A: distributed training, fangs 2, deformed body, sense surroundings 1,
electricity resistance, strong nose
a: no special abilities


You were on level 10 of the Dungeon.
You were not hungry.

You visited 1 branch of the dungeon, and saw 10 of its levels.
You also visited: Sewer and Ossuary.

You collected 505 gold pieces.
You spent 263 gold pieces at shops.

Inventory:

Hand Weapons
 a - the +9 flail "Tupniceba" (weapon) {flame, rPois rF+ rN+ Str-2}
   (You found it on level 4 of the Dungeon)

   It has been specially enchanted to burn those struck by it, causing extra
   injury to most foes and up to half again as much damage against particularly
   susceptible opponents.
   It affects your strength (-2).
   It protects you from fire.
   It protects you from poison.
   It protects you from negative energy.
 h - a +1 flail
Armour
 b - a +0 chain mail (worn)
 c - a +0 shield (worn)
 l - a +1 cloak (worn)
 s - a +1 pair of gloves (worn)
 A - a +0 large shield
Jewellery
 p - a ring of poison resistance (left hand)
 w - a ring of protection from fire (right hand)
Wands
 d - a wand of flame (7)
 i - a wand of digging (5)
 m - a wand of random effects (13)
Scrolls
 g - 3 scrolls of blinking
 k - 4 scrolls of identify
 o - 5 scrolls of remove curse
 q - 2 scrolls of enchant weapon
 t - 2 scrolls of fog
 v - 3 scrolls of teleportation
 y - a scroll of immolation
Potions
 e - 6 potions of flight
 j - 4 potions of cancellation
 n - 3 potions of curing
 r - 2 potions of resistance
 z - 2 potions of lignification
 B - a potion of berserk rage {unknown}
Comestibles
 f - 16 rations


   Skills:
 + Level 9.0 Fighting
 + Level 6.1 Short Blades
 + Level 6.1 Long Blades
 + Level 6.1 Axes
 + Level 7.7 Maces & Flails
 + Level 6.1 Polearms
 + Level 6.1 Staves
 + Level 6.1 Slings
 + Level 6.1 Bows
 + Level 6.1 Crossbows
 + Level 6.1 Throwing
 + Level 9.0 Armour
 + Level 6.1 Dodging
 + Level 6.1 Stealth
 + Level 9.0 Shields
 + Level 6.1 Unarmed Combat
 + Level 6.1 Spellcasting
 + Level 5.0 Conjurations
 + Level 5.0 Hexes
 + Level 5.0 Charms
 + Level 5.0 Summonings
 + Level 5.0 Necromancy
 + Level 5.0 Translocations
 + Level 5.0 Transmutations
 + Level 5.0 Fire Magic
 + Level 5.0 Ice Magic
 + Level 5.0 Air Magic
 + Level 5.0 Earth Magic
 + Level 5.0 Poison Magic
 + Level 6.6 Invocations
 + Level 6.1 Evocations


You had 22 spell levels left.
You didn't know any spells.
Your spell library contained the following spells:

 Spells                   Type           Power        Failure   Level  Hunger
 Animate Skeleton         Necr           N/A          50%         1    None
 Apportation              Tloc           ##....       50%         1    None
 Confusing Touch          Hex            ##....       50%         1    None
 Summon Small Mammal      Summ           ##..         50%         1    None
 Call Imp                 Summ           ##......     63%         2    ##.....
 Call Canine Familiar     Summ           ##......     86%         3    ###....
 Summon Guardian Golem    Hex/Summ       ##......     86%         3    ###....
 Summon Ice Beast         Ice/Summ       ##......     99%         4    ####...
 Summon Lightning Spire   Summ/Air       ##......     99%         4    ####...


Dungeon Overview and Level Annotations

Branches:
Dungeon (10/15)            Temple (0/1) D:6            Lair (0/6) D:8
  Sewer (visited)         Ossuary (visited)
    Orc: D:9-12

Altars:
Fedhas
Ru
Uskayaw

Shops:
D:5 [   D:8 ?

Annotations:
D:3 2 transporters, wazuzu's ghost, amateur HOMo
D:8 exclusion: oklob sapling
D:10 Snorg


Innate Abilities, Weirdness & Mutations

Your experience applies equally to all skills.
You have extremely sharp teeth.
Your uncanny sense of smell can sniff out nearby items.
Armour fits poorly on your strangely shaped body.
You passively map a small area around you.
You are resistant to electric shocks. (rElec)


Message History

Snorg is moderately wounded.
You block Snorg's attack. Snorg claws you but does no damage. Snorg claws you.
A yak comes into view.
You block Snorg's attack. Snorg barely misses you. Snorg claws you.
You barely miss Snorg.
Snorg is lightly wounded.
You block Snorg's attack. Snorg claws you. You block Snorg's attack.
Snorg bites you but does no damage. Snorg claws you!
Snorg completely misses you.
You sock Snorg! You burn Snorg. You bite Snorg.
Snorg is moderately wounded.
Snorg bites you!! You block Snorg's attack. Snorg claws you!
* * * LOW HITPOINT WARNING * * *
The yak gores you but does no damage.
A yak comes into view.
You are too injured to fight recklessly!
You feel yourself speed up.
You block Snorg's attack. x2; Snorg claws you!
* * * LOW HITPOINT WARNING * * *
The yak barely misses you. Snorg bites you.
You die...

,,#............#(....#
,#............#.....#
,,#............#....[#
#............#.....#
#............'.....#
,#............#.....#
#............#.....#
##+###########.....#
.......@....#
,,......YTY...# ,
,.......Y....# ,
............#
#########Y..# , , *
Y..# , ...# , , , ...#
, , ,


You could see Snorg (berserk) and 5 yaks.

Vanquished Creatures
  Erica (D:8)
  A two-headed ogre (D:9)
  Psyche (D:8)
  A komodo dragon (D:8)
  Prince Ribbit (D:8)
  Grinder (D:5)
  Sigmund (D:5)
  6 yaks
  A hog (D:8)
  A hungry ghost (D:8)
  A human (D:8)
  A water moccasin (D:5)
  5 orc warriors
  2 sky beasts
  2 necrophages (D:8)
  A black bear (D:9)
  3 ice beasts (D:8)
  3 ogres
  A phantom (D:4)
  3 centaurs
  2 big kobolds (Sewer)
  3 bullfrogs
  2 scorpions
  9 killer bees
  4 wights (D:8)
  2 howler monkeys (D:9)
  A bullfrog zombie (D:7)
  3 crimson imps
  2 centaur zombies
  2 human zombies (Ossuary)
  Crazy Yiuf (D:2)
  7 orc wizards
  5 orc priests
  A bullfrog skeleton (D:5)
  5 hounds
  A jelly (D:6)
  Jessica (D:2)
  Natasha (thrice) (D:4)
  Terence (D:2)
  5 iguanas
  11 worker ants
  2 big kobold zombies (Ossuary)
  A hound zombie (D:8)
  5 mummies (Ossuary)
  A worker ant zombie (D:5)
  23 adders
  4 gnolls (D:8)
  A howler monkey skeleton (D:6)
  6 river rats (Sewer)
  A shadow imp (D:6)
  3 oozes
  An adder skeleton (D:5)
  8 worms
  2 dart slugs
  10 leopard geckos
  22 orcs
  3 bats
  8 giant cockroaches
  6 goblins
  6 hobgoblins
  3 jackals
  12 kobolds
  3 quokkas
  9 ball pythons
  5 frilled lizards
  A hobgoblin zombie (Ossuary)
  A kobold zombie (Ossuary)
  An orc zombie (Ossuary)
  A quokka zombie (D:5)
  7 rats
264 creatures vanquished.

Vanquished Creatures (others)
  An orc (D:9)
  3 plants
4 creatures vanquished.

Grand Total: 268 creatures vanquished

Notes
Turn   | Place    | Note
-------+----------+-------------------------------------------
     0 | D:1      | Ijustatesigmund the Gnoll Fighter began the quest for the
                  | Orb.
     0 | D:1      | Reached XP level 1. HP: 23/23 MP: 1/1
   131 | D:1      | Reached XP level 2. HP: 24/29 MP: 2/2
   466 | D:1      | Reached XP level 3. HP: 34/35 MP: 3/3
   803 | D:2      | Noticed Jessica
   805 | D:2      | Killed Jessica
   805 | D:2      | Reached skill level 1 in Short Blades
   805 | D:2      | Reached skill level 1 in Long Blades
   805 | D:2      | Reached skill level 1 in Axes
   805 | D:2      | Reached skill level 1 in Polearms
   805 | D:2      | Reached skill level 1 in Staves
   805 | D:2      | Reached skill level 1 in Slings
   805 | D:2      | Reached skill level 1 in Bows
   805 | D:2      | Reached skill level 1 in Crossbows
   805 | D:2      | Reached skill level 1 in Throwing
   805 | D:2      | Reached skill level 1 in Dodging
   805 | D:2      | Reached skill level 1 in Stealth
   805 | D:2      | Reached skill level 1 in Unarmed Combat
   805 | D:2      | Reached skill level 1 in Spellcasting
   805 | D:2      | Reached skill level 1 in Invocations
   805 | D:2      | Reached skill level 1 in Evocations
   805 | D:2      | Reached XP level 4. HP: 41/41 MP: 5/5
  1013 | D:2      | Reached skill level 1 in Conjurations
  1013 | D:2      | Reached skill level 1 in Hexes
  1013 | D:2      | Reached skill level 1 in Charms
  1013 | D:2      | Reached skill level 1 in Summonings
  1013 | D:2      | Reached skill level 1 in Necromancy
  1013 | D:2      | Reached skill level 1 in Translocations
  1013 | D:2      | Reached skill level 1 in Transmutations
  1013 | D:2      | Reached skill level 1 in Fire Magic
  1013 | D:2      | Reached skill level 1 in Ice Magic
  1013 | D:2      | Reached skill level 1 in Air Magic
  1013 | D:2      | Reached skill level 1 in Earth Magic
  1013 | D:2      | Reached skill level 1 in Poison Magic
  1232 | D:2      | Reached XP level 5. HP: 47/47 MP: 6/6
  1245 | D:2      | Noticed Terence
  1256 | D:2      | Killed Terence
  1543 | D:2      | Found a runed translucent door.
  1544 | D:2      | Noticed Crazy Yiuf
  1563 | D:2      | Killed Crazy Yiuf
  1853 | D:3      | Found a transporter.
  1853 | D:3      | Noticed wazuzu's ghost (amateur HOMo)
  1932 | D:3      | Found a transporter.
  2403 | D:4      | Reached XP level 6. HP: 53/53 MP: 8/8
  2547 | D:4      | Noticed a phantom
  2690 | D:4      | Got a fine flail
  2691 | D:4      | Identified the +9 flail "Tupniceba" {flame, rPois rF+ rN+
                  | Str-2} (You found it on level 4 of the Dungeon)
  2824 | D:4      | Noticed Natasha
  2832 | D:4      | Killed Natasha
  2882 | D:4      | Killed a phantom
  2882 | D:4      | Reached skill level 5 in Maces & Flails
  2914 | D:4      | Noticed Natasha
  2921 | D:4      | Killed Natasha
  2970 | D:5      | Entered Level 5 of the Dungeon
  2973 | D:5      | Noticed a water moccasin
  2985 | D:5      | Killed a water moccasin
  2985 | D:5      | Reached XP level 7. HP: 51/60 MP: 10/10
  2993 | D:5      | Noticed Grinder
  2999 | D:5      | Paralysed by Grinder for 7 turns
  3013 | D:5      | Killed Grinder
  3086 | D:5      | Noticed Sigmund
  3089 | D:5      | Found Baocud's Armour Shoppe.
  3095 | D:5      | Killed Sigmund
  3095 | D:5      | Reached XP level 8. HP: 58/67 MP: 12/12
  3257 | D:5      | Found a glowing drain.
  3270 | Sewer    | Entered a sewer
  4147 | D:4      | Noticed Natasha
  4154 | D:4      | Killed Natasha
  4516 | D:6      | Found a hide-covered altar of Uskayaw.
  4524 | D:6      | Reached XP level 9. HP: 64/72 MP: 14/14
  4715 | D:6      | Found a staircase to the Ecumenical Temple.
  4754 | D:6      | Found a sand-covered staircase.
  4759 | Ossuary  | Entered an ossuary
  5565 | D:7      | Found a sacrificial altar of Ru.
  6091 | D:9      | Noticed a two-headed ogre
  6144 | D:8      | Reached skill level 5 in Invocations
  6491 | D:8      | Reached XP level 10. HP: 76/80 MP: 15/17
  6547 | D:8      | Noticed Prince Ribbit
  6979 | D:8      | Reached skill level 5 in Short Blades
  6979 | D:8      | Reached skill level 5 in Long Blades
  6979 | D:8      | Reached skill level 5 in Axes
  6979 | D:8      | Reached skill level 5 in Polearms
  6979 | D:8      | Reached skill level 5 in Staves
  6979 | D:8      | Reached skill level 5 in Slings
  6979 | D:8      | Reached skill level 5 in Bows
  6979 | D:8      | Reached skill level 5 in Crossbows
  6979 | D:8      | Reached skill level 5 in Throwing
  6979 | D:8      | Reached skill level 5 in Dodging
  6979 | D:8      | Reached skill level 5 in Stealth
  6979 | D:8      | Reached skill level 5 in Unarmed Combat
  6979 | D:8      | Reached skill level 5 in Spellcasting
  6979 | D:8      | Reached skill level 5 in Evocations
  6991 | D:8      | Killed Prince Ribbit
  7325 | D:8      | Found a staircase to the Lair.
  7418 | D:8      | Noticed Erica
  7421 | D:8      | Noticed Psyche
  7425 | D:8      | Killed Erica
  7427 | D:8      | Killed Psyche
  7763 | D:8      | Found Etip's Magic Scroll Shop.
  7771 | D:8      | Bought a scroll of teleportation for 33 gold pieces
  7771 | D:8      | Bought a scroll of blinking for 82 gold pieces
  7771 | D:8      | Bought a scroll of enchant armour for 82 gold pieces
  7771 | D:8      | Bought a scroll of teleportation for 33 gold pieces
  7771 | D:8      | Bought a scroll of teleportation for 33 gold pieces
  8179 | D:8      | Found a blossoming altar of Fedhas.
  8378 | D:9      | Killed a two-headed ogre
  8378 | D:9      | Reached XP level 11. HP: 62/86 MP: 19/19
  9434 | D:9      | Reached skill level 5 in Conjurations
  9434 | D:9      | Reached skill level 5 in Hexes
  9434 | D:9      | Reached skill level 5 in Charms
  9434 | D:9      | Reached skill level 5 in Summonings
  9434 | D:9      | Reached skill level 5 in Necromancy
  9434 | D:9      | Reached skill level 5 in Translocations
  9434 | D:9      | Reached skill level 5 in Transmutations
  9434 | D:9      | Reached skill level 5 in Fire Magic
  9434 | D:9      | Reached skill level 5 in Ice Magic
  9434 | D:9      | Reached skill level 5 in Air Magic
  9434 | D:9      | Reached skill level 5 in Earth Magic
  9434 | D:9      | Reached skill level 5 in Poison Magic
  9995 | D:10     | Entered Level 10 of the Dungeon
 10022 | D:10     | Gained mutation: Armour fits poorly on your strangely
                  | shaped body. [potion of mutation]
 10022 | D:10     | Gained mutation: You have extremely sharp teeth. [potion of
                  | mutation]
 10022 | D:10     | Gained mutation: You are resistant to electric shocks.
                  | (rElec) [potion of mutation]
 10022 | D:10     | Gained mutation: You passively map a small area around you.
                  | [potion of mutation]
 10035 | D:10     | Noticed Snorg
 10045 | D:10     | HP: 3/88 [Snorg (13)]
 10045 | D:10     | Slain by Snorg

Levels and vault maps discovered:
D:1:      roderic_chinese_lattice_arrival, layout_basic, lexackson_kobold_supper
D:2:      layout_rooms, uniq_terence, uniq_jessica, uniq_crazy_yiuf_cottage
D:3:      layout_rooms, gammafunk_ghost_mausoleum, st_stairs_11
D:4:      layout_loops_ring, uniq_natasha
D:5:      layout_rooms, serial_curves, eino_curves_01, eino_curves_03,
          eino_curves_01, serial_shops, nicolae_shop_crystal,
          gup_sewer_entry_bubbles, first_ration, uniq_grinder, uniq_sigmund
D:6:      layout_cave_pools, eat_drink_and_be_merry_uskayaw,
          minmay_temple_entry_sparse_star, enter_ossuary_2
D:7:      layout_cave_pods, basic_altar
D:8:      layout_cave_pods, david_lair_shrubbed, serial_shops, shop_scrolls,
          grunt_livestock, introduction_to_nature_2, uniq_prince_ribbit1,
          uniq_psyche, uniq_erica
D:9:      layout_gridville, serial_bayou_pond_d, kennysheep_generic_room_11
D:10:     layout_gridville, ebering_ghost_inner_flame, uniq_snorg

Skill      XL: |  1  2  3  4  5  6  7  8  9 10 11 |
---------------+----------------------------------+-----
Short Blades   | 1 2 3 4 5 6 |  6.1
Long Blades    | 1 2 3 4 5 6 |  6.1
Axes           | 1 2 3 4 5 6 |  6.1
Polearms       | 1 2 3 4 5 6 |  6.1
Staves         | 1 2 3 4 5 6 |  6.1
Slings         | 1 2 3 4 5 6 |  6.1
Bows           | 1 2 3 4 5 6 |  6.1
Crossbows      | 1 2 3 4 5 6 |  6.1
Throwing       | 1 2 3 4 5 6 |  6.1
Dodging        | 1 2 3 4 5 6 |  6.1
Stealth        | 1 2 3 4 5 6 |  6.1
Unarmed Combat | 1 2 3 4 5 6 |  6.1
Spellcasting   | 1 2 3 4 5 6 |  6.1
Invocations    | 1 2 3 4 5 6 |  6.6
Evocations     | 1 2 3 4 5 6 |  6.1
Conjurations   | 1 2 3 4 5 |  5.0
Hexes          | 1 2 3 4 5 |  5.0
Charms         | 1 2 3 4 5 |  5.0
Summonings     | 1 2 3 4 5 |  5.0
Necromancy     | 1 2 3 4 5 |  5.0
Translocations | 1 2 3 4 5 |  5.0
Transmutations | 1 2 3 4 5 |  5.0
Fire Magic     | 1 2 3 4 5 |  5.0
Ice Magic      | 1 2 3 4 5 |  5.0
Air Magic      | 1 2 3 4 5 |  5.0
Earth Magic    | 1 2 3 4 5 |  5.0
Poison Magic   | 1 2 3 4 5 |  5.0
Maces & Flails | 5 6 7 |  7.7
Fighting       | 7 8 9 |  9.0
Armour         | 7 8 9 |  9.0
Shields        | 7 8 9 |  9.0

Action                   |  1- 3 |  4- 6 |  7- 9 | 10-12 || total
-------------------------+-------+-------+-------+-------++-------
Melee: Flail             |    77 |    41 |   294 |   248 ||   660
       Bite              |     6 |    20 |    33 |    34 ||    93
       Club              |       |   171 |       |       ||   171
Evoke: Wand              |       |       |     6 |     3 ||     9
  Use: Scroll            |     3 |     5 |    18 |     6 ||    32
       Potion            |       |     1 |     5 |     6 ||    12
 Stab: Invisible         |       |       |     1 |       ||     1
  Eat: Chunk             |       |     7 |     5 |    11 ||    23
       Ration            |       |       |     2 |     2 ||     4
Armor: Scale mail        |     8 |       |       |       ||     8
       Chain mail        |    16 |   103 |   135 |   139 ||   393
       Skin              |       |     1 |       |    43 ||    44
Dodge: Dodged            |    15 |    49 |    70 |    76 ||   210
Block: Shield            |    40 |   102 |   151 |   177 ||   470

Table legend:
 A = Non-vault XP
 B = Vault XP
 C = Vault XP percentage of total XP
 D = Non-vault monster count
 E = Vault monster count
 F = Vault count percentage of total count
                 A         B        C        D         E       F
            +---------+---------+-------+---------+---------+-------
      Total |    7644 |    4476 |  36.9 |     179 |      85 |  32.2
            +---------+---------+-------+---------+---------+-------
        D:1 |      34 |      17 |  33.3 |      18 |       8 |  30.8
        D:2 |     105 |     115 |  52.3 |      22 |       3 |  12.0
        D:3 |      14 |      14 |  50.0 |       7 |       2 |  22.2
        D:4 |     283 |      37 |  11.6 |       7 |       1 |  12.5
        D:5 |     711 |     512 |  41.9 |      21 |       8 |  27.6
        D:6 |     322 |       0 |   0.0 |       8 |       0 |   0.0
        D:7 |     706 |       0 |   0.0 |      12 |       0 |   0.0
        D:8 |    2670 |    3071 |  53.5 |      51 |      19 |  27.1
        D:9 |    2573 |      28 |   1.1 |      30 |       3 |   9.1
       D:10 |     226 |       0 |   0.0 |       3 |       0 |   0.0
      Sewer |       0 |     406 | 100.0 |       0 |      28 | 100.0
    Ossuary |       0 |     276 | 100.0 |       0 |      13 | 100.0
            +---------+---------+-------+---------+---------+-------
